Map: Cyber Forest LE

Players

SunSet

  • Race: Zerg Zerg
  • Spawn Location: 5:00

BuRning - Winner!

  • Race: Terran Terran
  • League: Master
  • Spawn Location: 11:00

Event: 2019 WCS Spring

VOD

Have the link to the VOD?

Description

Time

  • Played on: May 17, 2019, 3:16 p.m.
  • Length: 22:23

All games in this series

Show
View Real Time Build Order
Export as new Build Order

SunSet Zerg 

Build Orders: Pool First, Muta Ling Bane 

Get SALT Encoding   

  12  0:00  Drone  
  13  0:12  Overlord  
  13  0:17  Drone  
  14  0:30  Drone x2  
  14  0:34  Drone  
  17  0:45  Spawning Pool  
  17  0:48  Drone  
  17  1:09  Hatchery  
  16  1:11  Drone  
  16  1:13  Extractor  
  16  1:31  Zergling x6  
  19  1:33  Queen  
  21  1:42  Overlord  
  21  1:53  Drone  
  22  2:05  Drone  
  23  2:09  Queen  
  25  2:17  Drone  
  25  2:21  Drone  
  25  2:22  Metabolic Boost  
  27  2:27  Queen  
  29  2:30  Drone  
  30  2:38  Drone  
  30  2:39  Drone  
  30  2:43  Drone  
  33  2:46  Drone  
  33  2:51  Drone x2  
  35  3:00  Lair  
  35  3:02  Drone  
  36  3:16  Overlord  
  35  3:29  Overlord  
  35  3:31  Overlord  
  35  3:35  Drone  
  35  3:44  Overlord  
  35  3:46  Hatchery  
  35  3:47  Zergling x10  
  39  3:50  Zergling x2  
  39  3:52  Zergling x2  
  39  3:55  Drone  
  42  3:57  Drone  
  43  4:04  Nydus Network  
  43  4:06  Drone  
  43  4:10  Zergling x4  
  43  4:13  Zergling x2  
  46  4:17  Overseer  
  46  4:20  Drone  
  46  4:21  Drone  
  46  4:23  Drone  
  49  4:24  Drone  
  50  4:33  Drone  
  50  4:34  Overlord  
  51  4:42  Drone x4  
  51  4:43  Drone x2  
  57  4:52  Overlord, Nydus Canal  
  57  4:54  Zergling x2  
  57  4:59  Zergling x2  
  59  5:00  Extractor  
  59  5:01  Extractor  
  59  5:02  Zergling x2  
  59  5:04  Zergling x6  
  61  5:09  Zergling x2  
  61  5:10  Zergling x2  
  62  5:17  Drone  
  62  5:18  Drone x4  
  62  5:20  Overlord  
  65  5:29  Queen, Nydus Canal, Drone x2  
  65  5:30  Drone  
  70  5:37  Drone  
  70  5:38  Drone x3  
  70  5:41  Drone  
  70  5:42  Drone  
  76  5:44  Queen  
  77  5:51  Drone  
  77  5:52  Evolution Chamber  
  77  5:53  Evolution Chamber  
  77  5:55  Baneling Nest  
  72  6:00  Nydus Canal  
  71  6:05  Drone x2  
  71  6:06  Zergling x2, Drone  
  71  6:07  Zergling x6  
  71  6:10  Zergling x2  
  79  6:11  Overlord  
  76  6:23  Zergling x2  
  76  6:24  Zergling x4  
  73  6:28  Zergling x2  
  74  6:33  Zergling x4  
  74  6:35  Extractor, Zergling x2  
  74  6:36  Extractor, Queen  
  74  6:37  Queen, Zerg Melee Weapons Level 1  
  74  6:38  Hatchery  
  78  6:40  Nydus Canal  
  78  6:42  Zerg Ground Armor Level 1  
  77  6:47  Zergling x2  
  77  6:48  Zergling x8  
  81  7:02  Drone  
  81  7:06  Zergling x2  
  81  7:07  Zergling x2  
  80  7:08  Zergling x2  
  80  7:09  Zergling x2  
  80  7:14  Drone  
  80  7:15  Drone x5  
  75  7:19  Centrifical Hooks  
  74  7:25  Drone x2  
  74  7:27  Zergling x2  
  77  7:40  Zergling x2  
  77  7:41  Zergling x4  
  77  7:49  Zergling x8  
  79  7:52  Zergling x2  
  79  7:53  Zergling x10  
  79  7:54  Zergling x2  
  79  7:55  Hatchery  
  79  7:56  Zergling x4, Spire  
  86  8:02  Overlord  
  86  8:04  Nydus Canal  
  86  8:05  Overlord  
  86  8:07  Zergling x2  
  86  8:08  Zergling x2  
  86  8:11  Baneling  
  86  8:12  Baneling x14  
  86  8:13  Baneling, Zergling x4  
  86  8:17  Overlord  
  86  8:18  Overlord  
  88  8:23  Overlord x2  
  88  8:24  Zergling x2  
  88  8:25  Zergling x14  
  96  8:27  Baneling x3  
  96  8:28  Baneling  
  96  8:31  Zergling x2  
  96  8:32  Zergling x4  
  99  8:34  Zerg Melee Weapons Level 2  
  99  8:38  Zergling x2  
  99  8:40  Zergling x2  
  98  8:45  Zergling x2  
  83  8:51  Zergling x2  
  83  8:52  Zergling x6  
  83  8:53  Zergling x2  
  86  9:04  Overlord  
  86  9:06  Extractor, Drone x3  
  86  9:08  Drone x3  
  91  9:10  Baneling x6  
  91  9:14  Mutalisk x6  
  103  9:17  Mutalisk  
  103  9:22  Mutalisk  
  107  9:25  Mutalisk  
  109  9:36  Zergling x4  
  111  9:43  Mutalisk x2  
  111  9:44  Zergling x2  
  111  9:45  Zergling x14  
  119  9:47  Spine Crawler  
  119  9:48  Spore Crawler  
  119  9:50  Mutalisk  
  119  9:53  Baneling  
  119  9:54  Baneling x2  
  119  9:55  Zergling x2  
  119  9:56  Zergling x8  
  119  9:57  Drone  
  119  9:58  Drone  
  126  10:00  Zergling x2  
  126  10:01  Zergling x2  
  126  10:03  Drone x2  
  126  10:06  Baneling  
  126  10:07  Baneling x5  
  130  10:11  Mutalisk  
  132  10:20  Mutalisk  
  134  10:22  Zergling x2  
  134  10:23  Zergling x14  
  134  10:26  Overlord x2  
  142  10:31  Overlord  
  140  10:38  Zergling x2  
  140  10:39  Zergling x14  
  140  10:42  Mutalisk  
  140  10:43  Zergling x2  
  140  10:47  Overlord  
  140  10:49  Zergling x2  
  142  10:50  Zergling x4  
  142  10:51  Overlord  
  142  10:53  Zergling x2  
  145  10:58  Baneling  
  145  10:59  Baneling x9  
  145  11:00  Zergling x2  
  146  11:07  Zergling x10  
  146  11:11  Baneling x8  
  151  11:16  Zergling x2  
  134  11:27  Mutalisk x6  
  126  11:37  Mutalisk  
  123  11:40  Zergling x2  
  123  11:41  Zergling x8  
  126  11:53  Mutalisk x3  
  120  11:56  Zergling x2  
  120  11:57  Zergling x18  
  115  12:01  Mutalisk  
  115  12:06  Mutalisk  
  115  12:07  Zergling x2  
  114  12:15  Zergling x2  
  115  12:19  Mutalisk  
  115  12:20  Mutalisk  
  115  12:22  Hatchery  
  118  12:25  Zergling x12  
  118  12:29  Baneling  
  124  12:30  Baneling x4  
  124  12:31  Baneling x3  
  124  12:32  Baneling  
  124  12:38  Mutalisk  
  124  12:43  Zergling x2  
  125  12:48  Mutalisk x2  
  129  12:52  Zergling x2  
  119  13:00  Zergling x4  
  119  13:01  Zergling x16  
  119  13:03  Mutalisk  
  125  13:07  Zergling x2  
  125  13:08  Zergling x2  
  125  13:10  Baneling x8  
  125  13:11  Baneling  
  127  13:14  Zergling x2  
  127  13:16  Zerg Flyer Weapons Level 1  
  127  13:18  Zergling x2  
  129  13:23  Baneling x5  
  129  13:28  Zergling x2  
  129  13:30  Zergling x2  
  129  13:31  Mutalisk  
  129  13:35  Zergling x2  
  128  13:47  Mutalisk x3  
  126  13:51  Zergling x2  
  126  13:55  Zergling x2  
  126  13:58  Zergling x2  
  126  13:59  Zergling x6  
  128  14:03  Zergling x2  
  128  14:08  Mutalisk x3  
  133  14:11  Zergling x2  
  133  14:14  Zergling x2  
  133  14:16  Mutalisk  
  128  14:21  Mutalisk  
  117  14:25  Zergling x2  
  108  14:31  Mutalisk x2  
  108  14:33  Zergling x22  
  108  14:34  Zergling x10  
  129  14:38  Drone  
  129  14:39  Drone x2  
  129  14:40  Zergling x2  
  132  14:47  Baneling  
  132  14:48  Baneling x7  
  132  14:50  Extractor, Zergling x2  
  132  14:53  Extractor  
  131  15:01  Zergling x12  
  137  15:13  Zergling x2  
  136  15:14  Zerg Ground Armor Level 2  
  136  15:23  Zergling x2  
  136  15:24  Zergling x6  
  137  15:33  Hatchery  
  130  15:36  Baneling  
  130  15:37  Baneling x6  
  130  15:41  Mutalisk  
  132  15:44  Zergling x6  
  135  15:50  Baneling  
  135  15:51  Baneling x8  
  135  15:54  Zergling x2  
  135  15:55  Zergling x4  
  134  15:59  Zergling x2  
  108  16:13  Zergling x2  
  108  16:14  Zergling x12  
  112  16:25  Mutalisk x6  
  124  16:31  Zergling x8  
  128  16:34  Zergling x2  
  128  16:38  Overseer x3  
  129  16:41  Pneumatized Carapace  
  129  16:43  Zergling x2  
  128  16:47  Zergling x2  
  128  16:51  Zergling x2  
  128  16:52  Zergling x6  
  132  16:54  Zergling x4  
  132  16:58  Zergling x2  
  132  16:59  Zergling x2  
  132  17:00  Zergling x2  
  136  17:02  Drone  
  136  17:07  Mutalisk  
  134  17:11  Zergling x2  
  134  17:12  Zergling x6  
  128  17:21  Spore Crawler, Mutalisk  
  119  17:24  Drone  
  119  17:30  Drone  
  119  17:35  Drone  
  119  17:36  Drone  
  119  17:40  Drone  
  120  17:45  Drone  
  120  17:48  Drone  
  120  17:49  Drone x2  
  120  17:51  Drone x2  
  84  18:12  Mutalisk x2  
  82  18:13  Mutalisk x2  
  82  18:14  Mutalisk  
  82  18:16  Zergling x10  
  97  18:24  Zergling x2  
  97  18:25  Zergling x10  
  97  18:26  Drone  
  104  18:28  Zergling x2  
  104  18:29  Zergling x2  
  104  18:33  Drone  
  107  18:43  Drone x3  
  107  18:44  Zergling x2  
  107  18:45  Zergling x14  
  118  18:48  Baneling  
  118  18:49  Baneling x4  
  118  18:50  Baneling  
  118  18:52  Zergling x2  
  119  18:57  Zergling x2  
  118  19:11  Zergling x16  
  118  19:12  Zergling x12  
  118  19:16  Baneling  
  128  19:17  Baneling x8  
  128  19:18  Baneling  
  128  19:19  Zergling x2  
  128  19:23  Mutalisk  
  131  19:25  Zergling x2  
  131  19:26  Zergling x4  
  131  19:28  Zergling x2  
  114  19:46  Zergling x2  
  114  19:52  Baneling x6  
  110  19:53  Baneling x13  
  110  20:03  Zergling x2  
  110  20:04  Zergling x24  
  123  20:07  Hatchery  
  123  20:12  Zergling x2  
  123  20:13  Zergling x4  
  123  20:22  Mutalisk x4  
  123  20:25  Baneling x2  
  123  20:26  Baneling x4  
  131  20:30  Mutalisk x2  
  128  20:39  Mutalisk  
  128  20:40  Mutalisk  
  128  20:44  Mutalisk x3  
  128  20:48  Mutalisk x2  
  136  20:53  Zergling x8  
  136  20:56  Zergling x2  
  141  20:58  Zergling x2  
  141  21:02  Zergling x2  
  141  21:03  Zergling x10  
  146  21:05  Mutalisk  
  146  21:07  Zergling x2  
  149  21:12  Drone x3  
  149  21:13  Drone  
  149  21:18  Zergling x10  
  151  21:26  Mutalisk  
  151  21:29  Extractor x2  
  123  21:38  Mutalisk x2  
  117  21:41  Zergling x2  
  117  21:42  Zergling x18  
  117  21:46  Mutalisk  
  125  21:57  Zergling x18  
  119  22:02  Baneling  
  119  22:03  Baneling x6  
  119  22:04  Zergling x2  
  119  22:05  Zergling x2  
Show
View Real Time Build Order
Export as new Build Order

BuRning Terran - Winner!

Build Orders: Gas First Reaper Expand 

Get SALT Encoding   

  12  0:00  SCV  
  13  0:12  SCV  
  14  0:17  Supply Depot  
  14  0:25  SCV  
  15  0:30  Refinery  
  15  0:38  SCV  
  16  0:44  Barracks  
  16  0:50  SCV  
  17  1:03  SCV  
  18  1:15  SCV  
  19  1:31  Reaper, Orbital Command  
  20  1:43  Command Center  
  20  1:54  Factory  
  20  1:58  SCV  
  21  2:09  Supply Depot, Barracks Reactor  
  21  2:14  SCV  
  21  2:19  Refinery  
  21  2:26  SCV  
  22  2:38  SCV, Factory Tech Lab  
  22  2:40  Bunker  
  23  2:45  Marine x2  
  25  2:55  Orbital Command  
  25  3:03  SCV  
  26  3:06  Siege Tank, Marine x2  
  30  3:21  SCV  
  30  3:23  SCV, Starport  
  32  3:34  SCV  
  32  3:36  SCV  
  32  3:38  Marine x2  
  36  3:46  SCV  
  36  3:48  SCV  
  38  3:52  Siege Tank, Supply Depot  
  41  3:58  Bunker  
  41  3:59  SCV  
  41  4:00  SCV  
  41  4:01  Starport Tech Lab  
  43  4:08  Marine x2  
  45  4:11  SCV  
  45  4:14  SCV  
  45  4:15  Supply Depot  
  47  4:20  Banshee  
  47  4:23  SCV  
  50  4:26  SCV  
  51  4:34  Bunker  
  51  4:35  SCV, Marine  
  51  4:37  Siege Tank  
  51  4:38  Marine  
  56  4:41  SCV  
  56  4:44  Supply Depot  
  58  4:47  SCV  
  59  4:55  SCV  
  59  4:56  Marine x2  
  59  4:59  Bunker  
  62  5:05  Banshee  
  62  5:06  SCV  
  66  5:16  SCV  
  66  5:19  Siege Tank  
  70  5:22  Barracks  
  70  5:34  Command Center  
  70  5:35  SCV, Marine x2  
  70  5:36  SCV  
  70  5:37  Barracks  
  70  5:38  Engineering Bay  
  74  5:48  SCV  
  74  5:49  SCV  
  76  5:55  Refinery  
  74  5:59  Starport Reactor  
  74  6:04  SCV x2  
  74  6:05  Terran Infantry Weapons Level 1  
  74  6:07  Engineering Bay  
  74  6:09  Factory Reactor  
  74  6:10  Marine  
  77  6:16  SCV  
  75  6:22  Marine x2  
  69  6:29  Marine  
  69  6:30  SCV, Stimpack  
  68  6:32  Refinery  
  68  6:33  Engineering Bay  
  68  6:35  Supply Depot  
  68  6:38  SCV  
  69  6:42  Terran Infantry Armor Level 1  
  69  6:44  Marine x3  
  69  6:46  Marine  
  72  6:50  Orbital Command  
  73  6:56  Hellion x2  
  70  7:08  Marine x2  
  64  7:12  SCV, Medivac x2, Marine  
  64  7:13  SCV  
  68  7:25  SCV x2, Orbital Command  
  68  7:26  Marine x2  
  68  7:28  Armory, Supply Depot  
  73  7:37  SCV x2, Siege Tank  
  77  7:45  Marine x5  
  82  7:52  SCV x3  
  85  8:02  Marine, Supply Depot  
  85  8:03  Marine x2  
  85  8:04  SCV x2  
  90  8:09  Marine x2  
  90  8:10  SCV  
  93  8:16  SCV x2  
  95  8:20  Terran Infantry Weapons Level 2, Marine x2  
  95  8:22  SCV  
  98  8:28  SCV x2  
  98  8:32  Terran Vehicle Weapons Level 1  
  98  8:33  Marine, Barracks  
  98  8:34  Barracks, SCV, Supply Depot, Marine x2  
  102  8:37  Terran Infantry Armor Level 2  
  104  8:43  Combat Shield  
  104  8:45  SCV x2  
  95  8:51  SCV  
  96  8:56  Marine x2  
  96  8:57  SCV  
  96  8:58  Medivac x2  
  96  8:59  SCV  
  96  9:01  Refinery  
  96  9:02  Refinery  
  104  9:03  SCV, Command Center  
  104  9:09  SCV, Supply Depot  
  106  9:10  Marine x2  
  106  9:13  SCV  
  106  9:14  Marine x2  
  106  9:15  SCV  
  113  9:20  Supply Depot  
  113  9:24  Barracks Reactor x2  
  113  9:26  SCV  
  113  9:27  Supply Depot  
  113  9:28  Marine x2  
  113  9:29  Marine  
  115  9:31  Marine  
  105  9:49  Marine x4  
  105  9:51  Supply Depot  
  109  9:56  Marine  
  109  9:57  Medivac  
  109  9:58  Medivac  
  117  10:02  SCV x3  
  117  10:07  Marine x2  
  120  10:08  Marauder  
  120  10:10  Marine x3  
  120  10:11  Missile Turret  
  120  10:13  Missile Turret  
  125  10:14  Thor  
  125  10:15  Marine x2  
  126  10:22  Missile Turret  
  125  10:35  Marine x7  
  129  10:36  Marauder  
  129  10:37  Medivac x2  
  129  10:48  Missile Turret  
  129  10:49  Marine  
  120  10:51  Terran Vehicle And Ship Armor Level 1  
  120  10:52  Marine  
  120  10:53  Marine  
  120  10:55  Factory  
  120  10:56  Missile Turret, Marine x2  
  120  10:57  Missile Turret, Thor, Marine x2  
  125  11:05  SCV x3  
  125  11:06  Planetary Fortress  
  125  11:09  Marine  
  129  11:11  Marine  
  129  11:12  Marine  
  129  11:17  SCV  
  132  11:21  Missile Turret  
  132  11:23  Marine x2  
  132  11:25  Orbital Command  
  117  11:29  Marine x3  
  117  11:31  Marine x3  
  79  11:34  Marine  
  79  11:39  Factory Reactor  
  76  11:41  Marine x2  
  76  11:42  Thor  
  76  11:46  Marine  
  85  11:53  Marine x3  
  79  11:57  Marine x3  
  79  11:59  Marine  
  79  12:00  Factory Reactor  
  67  12:02  SCV x2  
  67  12:05  Marine x2  
  67  12:07  SCV  
  71  12:11  Marine  
  71  12:14  SCV, Marine  
  71  12:15  Marine x3  
  75  12:16  Marine  
  75  12:20  Supply Depot  
  75  12:21  Supply Depot  
  78  12:26  SCV x2  
  80  12:31  SCV  
  80  12:35  Marine x4  
  80  12:36  Marauder, Marine  
  88  12:38  SCV x2, Widow Mine  
  91  12:49  Marine x2  
  91  12:50  Marine  
  94  12:52  Marine, Widow Mine x2  
  94  12:53  Marine x3  
  94  12:54  Orbital Command  
  95  12:59  Widow Mine  
  95  13:03  Terran Infantry Weapons Level 3  
  97  13:09  SCV x2  
  99  13:20  SCV  
  99  13:21  SCV x2  
  102  13:32  SCV  
  102  13:33  SCV x2  
  103  13:42  Marine x3  
  103  13:44  SCV  
  103  13:45  SCV  
  103  13:48  Marine x6  
  107  13:49  Widow Mine x3  
  107  13:52  SCV  
  118  13:59  SCV  
  120  14:06  Command Center, Orbital Command  
  120  14:08  Terran Infantry Armor Level 3  
  91  14:28  SCV x2  
  66  14:32  SCV  
  66  14:36  Widow Mine x3  
  73  14:40  SCV x2  
  73  14:44  SCV  
  76  14:45  Marine  
  76  14:46  Marine x3  
  76  14:47  Liberator  
  76  14:52  SCV, Marine  
  82  14:53  SCV  
  82  14:56  SCV, Marauder, Marine  
  82  14:57  Widow Mine  
  89  15:04  SCV  
  89  15:05  Marine x2  
  93  15:14  Marine x4  
  89  15:15  Widow Mine x2  
  96  15:24  Marine x2  
  96  15:25  Marine  
  96  15:28  Marine x2  
  100  15:31  SCV x3, Marine x2  
  100  15:35  Marine x2  
  100  15:43  Thor  
  100  15:46  Marauder  
  108  15:53  Drilling Claws  
  108  15:56  SCV x2  
  108  16:01  SCV  
  109  16:08  SCV x2  
  109  16:11  Marine x2  
  99  16:18  SCV  
  99  16:20  SCV x2  
  99  16:21  Widow Mine x2, Marine x5  
  110  16:26  Missile Turret  
  110  16:30  SCV  
  110  16:32  SCV  
  112  16:39  Marine x2  
  114  16:41  Missile Turret  
  112  16:53  SCV  
  112  16:54  SCV  
  114  16:59  Marine  
  114  17:00  Marauder, Marine x3  
  113  17:23  Widow Mine x2  
  113  17:24  Command Center  
  113  17:27  Marine x2  
  115  17:35  Medivac x2  
  116  17:48  Siege Tank, Widow Mine x2  
  93  18:00  Orbital Command  
  93  18:01  Marine x3  
  93  18:02  Marauder  
  87  18:10  Marine  
  87  18:11  Marine x4  
  87  18:12  Widow Mine x2  
  96  18:25  Thor  
  100  18:28  SCV  
  100  18:42  SCV x3  
  100  18:48  Marine x2  
  104  18:51  Marine x2  
  104  18:52  Marine x2  
  104  18:53  Marauder, Missile Turret, Marine x2, Widow Mine x2  
  113  19:06  Marine x2  
  107  19:14  Marine x4  
  107  19:15  Widow Mine x2  
  107  19:16  SCV, Siege Tank  
  120  19:17  SCV x2  
  120  19:20  Medivac x2, Marine  
  123  19:40  Liberator  
  111  19:52  Marine x5  
  114  19:53  Marauder  
  114  19:54  Thor, Widow Mine x2  
  114  19:56  Marine x3  
  134  20:03  Missile Turret  
  134  20:09  SCV x2  
  134  20:12  Marine x3  
  134  20:13  Missile Turret  
  138  20:21  Marine x2  
  138  20:25  SCV x3  
  139  20:47  Planetary Fortress  
  139  20:49  SCV  
  139  20:50  Marine  
  139  20:51  Widow Mine x3  
  139  20:55  Marine x2  
  148  20:58  SCV x2  
  148  21:00  Liberator  
  148  21:01  SCV, Liberator  
  153  21:12  Siege Tank  
  153  21:14  Marine x4  
  153  21:15  Marine  
  153  21:16  Marauder, Marine x3, Widow Mine x2  
  174  21:21  Missile Turret  
  167  21:32  Marine x4  
  128  21:42  SCV x3  
  128  21:43  Marine x3  
  128  21:44  Marauder  
  128  21:45  Marine  
  137  21:50  Marine  
  137  21:51  SCV  
  139  22:00  Marine x4  
  139  22:03  SCV  
Tags
 
Add a new tag
Caveats
  • Supply blocks, unpowered buildings, or Contaminate may cause inaccurate times.
  • Supply counts are checked every 10 seconds.